 Dungeon Crawl Stone Soup version 0.21-a0-215-g0631661 (webtiles) character file.

57 Blomdor the Chopper (level 4, -2/36 HPs)
             Began as a Barachi Monk on Aug 22, 2017.
             Slain by a worm (12 damage)
             ... on level 2 of the Dungeon.
             The game lasted 00:01:11 (760 turns).

Blomdor the Chopper (Barachi Monk)                   Turns: 760, Time: 00:01:12

Health: -2/36      AC:  2    Str: 23    XL:     4   Next: 0%
Magic:  4/4        EV: 17    Int: 10    God:
Gold:   101        SH:  0    Dex: 14    Spells: 3/3 levels left

rFire    . . .     SeeInvis .   a - +0 hand axe
rCold    . . .     Gourm    .   (no shield)
rNeg     . . .     Faith    .   b - +0 robe
rPois    .         Spirit   .   (no helmet)
rElec    .         Reflect  .   (no cloak)
rCorr    .         Harm     .   (no gloves)
MR       .....                  (no boots)
Stlth    ++........             (no amulet)
HPRegen  0.12/turn              g - +4 ring of strength
MPRegen  0.09/turn              h - +4 ring of evasion

@: mighty, slow
A: +LOS, swims, slowness 1, strong legs 1
a: Hop


You were on level 2 of the Dungeon.
You were not hungry.

You visited 1 branch of the dungeon, and saw 2 of its levels.

You collected 101 gold pieces.

Inventory:

Hand Weapons
 a - a +0 hand axe (weapon)
Armour
 b - a +0 robe (worn)
Jewellery
 g - a +4 ring of strength (left hand)
 h - a +4 ring of evasion (right hand)
Scrolls
 d - 3 scrolls of identify {unknown}
 e - a scroll of blinking {unknown}
 i - a scroll of random uselessness {unknown}
 l - a scroll of enchant armour {unknown}
Potions
 f - a potion of heal wounds
Comestibles
 c - 2 bread rations
 j - 2 meat rations
 m - a royal jelly
 n - a chunk of flesh


   Skills:
 - Level 3.6 Fighting
 * Level 4.9 Axes
 + Level 1.6 Armour
 - Level 3.2 Dodging
 - Level 1.7 Stealth


You had 3 spell levels left.
You didn't know any spells.

Dungeon Overview and Level Annotations

Branches:
Dungeon (2/15)

Altars:


Innate Abilities, Weirdness & Mutations

Shadows flee at your approach. (+LOS)
You can swim through water.
You cover ground slowly.
You can hop short distances.


Message History

Unknown command.
You aren't carrying any items that you can evoke.
Fire/throw which item? (* to show all) (? for menu, Esc to quit)
Okay, then.
It was a potion of might.
You feel very mighty all of a sudden. Robin hits you but does no damage.
Robin closely misses you. x2
Items here: ))) † a club x3; a goblin corpse You slash Robin!
Robin is severely wounded.
Robin misses you.
You hit Robin.
You kill Robin!
You have reached level 4!
You feel stronger.
You barely miss the worm. The worm misses you.
You barely miss the worm. The worm bites you!
You die...

.......# ......#
+## ..>... ..
....### ####.#
..... ..#.# ...
....# #)# #...#
#w# #...# #@#
#...# #.# #...#
#)# #...#
#.#######...#
#...........#
##########..#
......)...#
########.#######
#####.#........


You could see a worm.

Vanquished Creatures
  Robin (D:2)
  A leopard gecko (D:2)
  3 bats
  2 giant cockroaches
  13 goblins
  6 hobgoblins
  4 jackals (D:2)
  A frilled lizard (D:2)
  4 kobolds
  2 rats
37 creatures vanquished.

Notes
Turn   | Place    | Note
-------+----------+-------------------------------------------
     0 | D:1      | Blomdor the Barachi Monk began the quest for the Orb.
     0 | D:1      | Reached XP level 1. HP: 18/18 MP: 1/1
   187 | D:1      | Reached XP level 2. HP: 12/24 MP: 2/2
   424 | D:1      | Reached skill level 4 in Axes
   448 | D:1      | Reached skill level 1 in Armour
   699 | D:2      | Reached XP level 3. HP: 25/29 MP: 3/3
   718 | D:2      | Noticed Robin
   757 | D:2      | Killed Robin
   757 | D:2      | Reached XP level 4. HP: 9/36 MP: 4/4
   760 | D:2      | Slain by a worm

Vault maps used:
D:1:      dpeg_arrival_boxes_within_box, minivault_23
D:2:      cheibrodos_fertilizer, first_bread, uniq_terence, uniq_robin

Skill      XL: |  1  2 |
---------------+-------+-----
Axes           | 4 |  4.9
Armour         | 1 |  1.6
Fighting       | |  3.6
Dodging        | |  3.2
Stealth        | |  1.7

Action                   |  1- 3 |  4- 6 || total
-------------------------+-------+-------++-------
Melee: Hand axe          |   108 |     2 ||   110
  Use: Potion            |     2 |       ||     2
 Stab: Sleeping          |     2 |       ||     2
Armor: Robe              |    14 |       ||    14
Dodge: Dodged            |    94 |     1 ||    95

Table legend:
 A = Spawn XP
 B = Non-spawn XP
 C = Spawn XP percentage of total XP
 D = Spawn monster count
 E = Non-spawn monster count
 F = Spawn count percentage of total count
 G = Total turns spent on level
                    A         B        C        D         E        F      G
               +---------+---------+-------+---------+---------+-------+---------
         Total |       4 |      78 |   4.9 |       2 |      35 |   5.4 |   760
               +---------+---------+-------+---------+---------+-------+---------
           D:1 |       4 |      20 |  16.7 |       2 |      12 |  14.3 |   628
           D:2 |       0 |      58 |   0.0 |       0 |      23 |   0.0 |   132
               +---------+---------+-------+---------+---------+-------+---------
